 Dungeon Crawl Stone Soup version 0.25-a0-665-ga69d64035b (webtiles) character file.

Game seed: 13337198868263377136, levelgen mode: deterministic

52 Esekla the Stinger (level 3, 0/23 HPs)
             Began as an Octopode Venom Mage on Mar 26, 2020.
             Slain by a bat (1 damage)
             ... on level 2 of the Dungeon.
             The game lasted 00:08:00 (853 turns).

Esekla the Stinger (Octopode Venom Mage)             Turns: 853, Time: 00:08:00

Health: 0/23       AC:  1    Str:  8    XL:     3   Next: 85%
Magic:  3/6        EV: 13    Int: 22    God:
Gold:   49         SH:  0    Dex: 12    Spells: 3/6 levels left

rFire    . . .     SeeInvis .   a - +0 short sword
rCold    . . .     Gourm    .   (no shield)
rNeg     . . .     Faith    .   (helmet restricted)
rPois    .         Spirit   .   (no amulet)
rElec    .         Reflect  .   c - +5 ring of intelligence
rCorr    .         Harm     .   (no ring)
MR       .....                  (no ring)
Stlth    +++.......             (no ring)
HPRegen  0.07/turn              (no ring)
MPRegen  0.10/turn              (no ring)
                                (no ring)
                                (no ring)

@: no status effects
A: almost no armour, stealthy swim, amphibious, 8 rings, constrict 8, camouflage
1, gelatinous body 1
a: no special abilities


You were on level 2 of the Dungeon.
You were not hungry.

You visited 1 branch of the dungeon, and saw 2 of its levels.

You collected 49 gold pieces.

Inventory:

Hand Weapons
 a - a +0 short sword (weapon)
Missiles
 g - 16 poisoned darts (quivered)
Jewellery
 c - a +5 ring of intelligence (left tentacle)
Scrolls
 e - a scroll of blinking {unknown}
Potions
 d - a potion of might {unknown}
 f - a potion of stabbing {unknown}
Comestibles
 b - 4 rations


   Skills:
 * Level 1.1 Fighting
 + Level 1.0 Short Blades
 * Level 2.5 Dodging
 + Level 3.0 Stealth
 * Level 2.3 Spellcasting
 - Level 1.0 Transmutations
 * Level 0.6 Air Magic
 + Level 4.0 Poison Magic


You had 3 spell levels left.
You knew the following spells:

 Your Spells              Type           Power        Failure   Level  Hunger
a - Sting                 Tmut/Pois      ##..         4%          1    None
b - Poisonous Vapours     Pois/Air       ##....       8%          2    ##.....

Your spell library contained the following spells:

 Spells                   Type           Power        Failure   Level  Hunger
 Ignite Poison            Fire/Tmut/Pois #.......     21%         3    ###....
 Mephitic Cloud           Conj/Pois/Air  #.......     22%         3    ###....
 Olgreb's Toxic Radiance  Pois           ###.....     26%         4    ####...


Dungeon Overview and Level Annotations

Branches:
Dungeon (2/15)

Altars:


Innate Abilities, Weirdness & Mutations

You cannot wear most types of armour.
You are very stealthy in the water. (Stealth+)
You are amphibious.
You can wear up to eight rings at the same time.
You can use your tentacles to constrict eight enemies at once.
Your skin changes colour to match your surroundings (Stealth+).
Your rubbery body absorbs attacks. (AC +1, EV +1)


Message History

The bullfrog skeleton closely misses you.
You hit the bullfrog skeleton.
The bullfrog skeleton is severely damaged.
You constrict the bullfrog skeleton.
The bullfrog skeleton barely misses you.
The bullfrog skeleton hits you!
* * * LOW HITPOINT WARNING * * *
You hit the bullfrog skeleton.
The bullfrog skeleton is almost destroyed.
You constrict the bullfrog skeleton. The bullfrog skeleton hits you.
* * * LOW HITPOINT WARNING * * *
Okay, then.
You hit the bullfrog skeleton.
You destroy the bullfrog skeleton!
Your Fighting skill increases to level 1!
Your Short Blades skill increases to level 1!
Your Stealth skill increases to level 3!
The bat barely misses you. The bat hits you.
You die...

#........
#%.......
#........
#........
#......$.
+........ ###
########b)......
#.# #......@.#
#.# #.######.#
#.#####.## #.#
#.......<# ###
#.#####.##
#.#####.#
#.......#
#########


You could see a bat.

Vanquished Creatures
  A bullfrog skeleton (D:2)
  3 giant cockroaches (D:1)
  4 goblins
  5 hobgoblins (D:1)
  2 ball pythons (D:1)
  2 bats (D:1)
  2 kobolds (D:1)
  3 rats (D:1)
22 creatures vanquished.

Notes
Turn   | Place    | Note
-------+----------+-------------------------------------------
     0 | D:1      | Esekla the Octopode Venom Mage began the quest for the Orb.
     0 | D:1      | Reached XP level 1. HP: 11/11 MP: 3/3
   242 | D:1      | Reached XP level 2. HP: 14/17 MP: 5/5
   269 | D:1      | Learned a level 2 spell: Poisonous Vapours
   845 | D:2      | Reached skill level 4 in Poison Magic
   845 | D:2      | Reached XP level 3. HP: 21/22 MP: 3/6
   851 | D:2      | HP: 1/22 [bullfrog skeleton (5)]
   852 | D:2      | Reached skill level 1 in Fighting
   852 | D:2      | Reached skill level 1 in Short Blades
   853 | D:2      | Slain by a bat

Levels and vault maps discovered:
D:1:      psy_arrival_radial01, layout_loops_corners, minmay_vboxes
D:2:      layout_basic, tso_oasis_becter

Skill      XL: |  1  2  3 |
---------------+----------+-----
Poison Magic   | 4 |  4.0
Fighting       | 1 |  1.1
Short Blades   | 1 |  1.0
Stealth        | 3 |  3.0
Dodging        | |  2.5
Spellcasting   | |  2.3
Transmutations | |  1.0
Air Magic      | |  0.6

Action                   || total
-------------------------++-------
Melee: Short sword       ||    35
       Tentacles         ||     7
       Constrict         ||    10
       Unarmed           ||     1
 Cast: Sting             ||     2
       Poisonous Vapours ||     5
 Stab: Sleeping          ||     5
Armor: Skin              ||     6
Dodge: Dodged            ||    31

Table legend:
 A = Non-vault XP
 B = Vault XP
 C = Vault XP percentage of total XP
 D = Non-vault monster count
 E = Vault monster count
 F = Vault count percentage of total count
                 A         B        C        D         E       F
            +---------+---------+-------+---------+---------+-------
      Total |      61 |      14 |  18.7 |      14 |       8 |  36.4
            +---------+---------+-------+---------+---------+-------
        D:1 |      18 |      14 |  43.8 |      12 |       8 |  40.0
        D:2 |      43 |       0 |   0.0 |       2 |       0 |   0.0
            +---------+---------+-------+---------+---------+-------
